 Dungeon Crawl Stone Soup version 0.29.1-1-gd02db6906a (webtiles) character file.

Game seed: 14616852510582417167

245 LustLizard the Slasher (level 6, -1/70 HPs)
             Began as a Human Gladiator on Oct 18, 2022.
             Slain by Grinder (4 damage)
             ... on level 3 of the Dungeon.
             The game lasted 00:05:16 (2926 turns).

LustLizard the Slasher (Human Gladiator)            Turns: 2926, Time: 00:05:17

Health: -1/70      AC: 23    Str: 15    XL:     6   Next: 32%
Magic:  6/6        EV:  2    Int:  8    God:
Gold:   42         SH:  0    Dex: 16    Spells: 3/5 levels left

rFire   . . .      SeeInvis .   a - +0 long sword
rCold   . . .      Faith    .   (no shield)
rNeg    . . .      Spirit   .   (body armour currently unavailable)
rPois   +          Reflect  .   (helmet currently unavailable)
rElec   .          Harm     .   (cloak currently unavailable)
rCorr   .          Rampage  .   (gloves currently unavailable)
Will    .....      NoTele   +   (boots currently unavailable)
Stlth   +.........              (no amulet)
HPRegen 0.21/turn               l - +4 ring of slaying
MPRegen 0.10/turn               (no ring)

@: tree-form
A: stationary, stasis, torment immunity, boosted hp
a: no special abilities


You were on level 3 of the Dungeon.
You were a tree.
You visited 1 branch of the dungeon, and saw 3 of its levels.
You also visited: Sewer.

You collected 70 gold pieces.
You spent 28 gold pieces at shops.

Inventory:

Hand Weapons
 a - a +0 long sword (weapon)
Missiles
 e - 5 poisoned darts (quivered)
 n - a javelin
Armour
 b - a +0 leather armour
 c - a +0 helmet (melded)
 g - a +0 ring mail (melded)
 j - a +0 pair of boots (melded)
Jewellery
 l - a +4 ring of slaying (left branch)
Scrolls
 f - a scroll of poison {unknown}
 r - a scroll of amnesia {unknown}
 s - a scroll of teleportation {unknown}
Potions
 h - a potion of attraction
 i - a potion of heal wounds {unknown}
 k - a potion of curing {unknown}
 m - 2 potions of mutation {unknown}
 o - 2 potions of lignification
 p - a potion of might {unknown}
 q - a potion of invisibility {unknown}


   Skills:
 + Level 3.1 Fighting
 * Level 4.4 Long Blades
 * Level 3.7 Throwing
 - Level 3.0 Dodging
 * Level 2.3 Translocations


You had 3 spell levels left.
You knew the following spells:

 Your Spells              Type           Power      Damage    Failure   Level
a - Blink                 Tloc           6%         N/A       26%         2

Your spell library contained the following spells:

 Spells                   Type           Power      Damage    Failure   Level
 Sandblast                Erth           0%         2d4       41%         1
 Lesser Beckoning         Tloc           3%         N/A       45%         3
 Passwall                 Tmut/Erth      0%         N/A       54%         2
 Stone Arrow              Conj/Erth      0%         3d7       78%         3
 Manifold Assault         Tloc           3%         N/A       99%         5


Dungeon Overview and Level Annotations

Branches:
Dungeon (3/15)              Sewer (visited)

Altars:

Shops:
D:1 ?

Annotations:
D:3 3 runed translucent doors, Grinder; quakins's ghost, weakling FoFi


Message History

The dart slug launches a dart at you. The slug dart misses you.
You barely miss the dart slug. The dart slug barely misses you.
You slash the dart slug!
The dart slug is severely wounded.
The dart slug closely misses you.
Throw: 6 darts (poison)
Press: ? - help, Q - select action, (/) - cycle Shift-Dir - straight line, f/p - Grinder
Aim: Grinder (severely wounded, 63% to hit)
You throw a poisoned dart.
The poisoned dart barely misses Grinder.
Grinder splashes around in the water.
You slash Grinder!
Grinder is severely wounded.
The dart slug launches a dart at you. The slug dart hits you.
Grinder hits you but does no damage.
You barely miss Grinder.
Grinder is severely wounded.
Grinder gestures at you. Pain shoots through your body!
The dart slug launches a dart at you. The slug dart misses you.
You barely miss Grinder.
Grinder is severely wounded.
Grinder says, "Make like a tree!"
Grinder hits you.
* * * LOW HITPOINT WARNING * * *
You writhe in agony.
* * * LOW HITPOINT WARNING * * *
The dart slug barely misses you. Grinder hits you but does no damage.
It was a potion of lignification.
You turn into a tree.
Your +0 helmet melds into your body.
Your +0 pair of boots melds into your body.
Your +0 ring mail melds into your body.
Your roots penetrate the ground.
The dart slug launches a dart at you.
The slug dart hits you but does no damage.
Grinder hits you!
* * * LOW HITPOINT WARNING * * *
You writhe in agony.
You die...

#... .#..(..#
####......#
##.......#.# #
##..#~..#...#
#.#...~~~~~...#
####.#.#~~~~~~~#.#
#.....(w5~~~~~~..####
.##..)♣~~~.~~~......
#.#..~~~~~~~..##
#...#~~~~~~~#[#
###.[.~~~~~...#
##..#...#..#####.#
##.......#......#
##>..####.####.#
#..## #.# ....# #.###
#


You could see Grinder and a dart slug.

Vanquished Creatures
  2 kobold brigands (Sewer)
  4 river rats (Sewer)
  3 worms
  A dart slug (D:1)
  2 orcs (D:3)
  6 endoplasms
  3 giant cockroaches
  A hobgoblin (D:3)
  2 jackals (D:1)
  3 quokkas
  7 ball pythons
  6 bats
  3 frilled lizards (D:1)
  3 goblins
  6 kobolds (Sewer)
  9 rats
61 creatures vanquished.

Vanquished Creatures (others)
  3 demonic plants (D:2)
  14 fungi
  14 plants
  5 withered plants (D:2)
36 creatures vanquished.

Grand Total: 97 creatures vanquished

Notes
Turn   | Place    | Note
-------+----------+-------------------------------------------
     0 | D:1      | LustLizard the Human Gladiator began the quest for the Orb.
     0 | D:1      | Reached XP level 1. HP: 16/16 MP: 1/1
   152 | D:1      | Found Lifeseys's Magic Scroll Shop.
   157 | D:1      | Reached XP level 2. HP: 22/22 MP: 2/2
   834 | D:1      | Reached XP level 3. HP: 27/27 MP: 3/3
  1295 | D:1      | Learned a level 2 spell: Blink
  1432 | D:2      | Found a faded altar of an unknown god.
  1830 | D:1      | Bought a scroll of identify for 28 gold pieces
  1893 | D:3      | Found a runed translucent gate.
  1893 | D:3      | Found a runed translucent gate.
  1893 | D:3      | Found a runed translucent gate.
  1894 | D:3      | Noticed quakins's ghost (weakling FoFi)
  1894 | D:3      | Noticed a kobold brigand
  1937 | D:3      | Reached XP level 4. HP: 34/34 MP: 4/4
  2003 | D:3      | Found a glowing drain.
  2029 | D:3      | Noticed Grinder
  2032 | Sewer    | Entered a sewer
  2056 | Sewer    | Noticed a kobold brigand
  2088 | Sewer    | Killed a kobold brigand
  2089 | Sewer    | Reached skill level 4 in Long Blades
  2089 | Sewer    | Reached skill level 1 in Translocations
  2089 | Sewer    | Reached XP level 5. HP: 9/40 MP: 5/5
  2849 | Sewer    | Noticed a kobold brigand
  2857 | Sewer    | Killed a kobold brigand
  2858 | Sewer    | Reached XP level 6. HP: 47/47 MP: 6/6
  2898 | D:3      | Paralysed by Grinder for 3 turns
  2905 | D:3      | Paralysed by Grinder for 5 turns
  2913 | D:3      | Paralysed by Grinder for 2 turns
  2926 | D:3      | HP: 3/70 [Grinder (7)]
  2926 | D:3      | Slain by Grinder

Illustrated notes

Levels and vault maps discovered:
D:1:      eino_arrival_water_star, layout_loops_corners, serial_shops, shop
D:2:      layout_basic, shapermc_ecumenical_altar_gd
D:3:      layout_loops_ring, nemelex_spade_bored_becter, fedhas_altar_3,
          ashenzari_conservatory_becter, gammafunk_ghost_nasty_kobolds,
          cheibrodos_sewer_entry_drain, grunt_ministairs_12,
          nicolae_figureground_pulse, uniq_grinder, uniq_jessica

Skill      XL: |  1  2  3  4  5 |
---------------+----------------+-----
Long Blades    | 4 |  4.4
Throwing       | 3 |  3.7
Translocations | 1 2 |  2.3
Fighting       | 3 |  3.1
Dodging        | |  3.0

Action                   |  1- 3 |  4- 6 || total
-------------------------+-------+-------++-------
Melee: Long sword        |   118 |   110 ||   228
       Punch             |     2 |     2 ||     4
Throw: Stone             |     6 |     5 ||    11
       Throwing net      |       |     7 ||     7
       Javelin           |       |     1 ||     1
       Dart              |       |     1 ||     1
  Use: Scroll            |     1 |       ||     1
       Potion            |       |     1 ||     1
 Stab: Held in net/web   |       |     2 ||     2
Armor: Ring mail         |    74 |    33 ||   107
       Skin              |       |     1 ||     1
Dodge: Dodged            |    82 |    37 ||   119
